 Dungeon Crawl Stone Soup version 0.18.1-50-g88ac8fd (webtiles) character file.

824 MrBudgens the Ducker (level 7, -5/48 HPs)
             Began as a Merfolk Ice Elementalist on Oct 3, 2016.
             Was a Follower of Nemelex Xobeh.
             Killed by divine providence
             ... invoked by an orc priest
              (13 damage)
             ... on level 5 of the Dungeon on Oct 4, 2016.
             The game lasted 00:56:23 (4764 turns).

MrBudgens the Ducker (Merfolk Ice Elementalist)     Turns: 4764, Time: 00:56:24

Health: -5/48      AC:  7    Str:  8    XL:     7   Next: 96%
Magic:  15/23      EV: 14    Int: 17    God:    Nemelex Xobeh [*.....]
Gold:   265        SH:  0    Dex:  9    Spells: 3 memorised, 7 levels left

rFire  . . .     SeeInvis .     n - +0 falchion
rCold  . . .     Gourm    .     g - +0 robe
rNeg   . . .     Faith    .     (no shield)
rPois  +         Spirit   .     (no helmet)
rElec  +         Dismiss  .     P - +2 cloak of the Other World {+Blink rElec MP+9 Dex-5}
rCorr  .         Reflect  .     j - +0 pair of gloves
SustAt +         Harm     .     i - +0 pair of boots
MR     .....                    (no amulet)
Stlth  ++........               A - ring of poison resistance
                                e - ring of sustain attributes

@: not resistant to hostile enchantments, unstealthy
A: change form in water, swift swim
a: Renounce Religion, Evoke Blink


You were on level 5 of the Dungeon.
You worshipped Nemelex Xobeh.
Nemelex Xobeh was aware of your devotion.
You were not hungry.

You visited 1 branch of the dungeon, and saw 6 of its levels.

You collected 265 gold pieces.

Inventory:

Hand Weapons
 a - a +0 short sword
 b - a +1 shortbow of velocity
 f - a +0 dagger
 n - a +0 falchion (weapon)
 s - a +0 blowgun
 J - a +2 vampiric dagger
 X - a cursed -2 hunting sling
Missiles
 d - 121 stones (quivered)
 h - a throwing net
 m - 15 arrows
 p - 6 poisoned tomahawks
 t - 3 javelins
 y - 17 poisoned needles
 M - 3 tomahawks
Armour
 g - a +0 robe (worn)
 i - a +0 pair of boots (worn)
 j - a +0 pair of gloves (worn)
 o - a +0 cloak
 K - a +0 robe
 P - the +2 cloak of the Other World (worn) {+Blink rElec MP+9 Dex-5}
   (You found it on level 5 of the Dungeon)

   It affects your dexterity (-5).
   It insulates you from electricity.
   It affects your magic capacity (+9).
   It lets you blink.
 Z - a +3 chain mail of magic resistance
Jewellery
 e - a ring of sustain attributes (left hand)
 A - a ring of poison resistance (right hand)
 C - an uncursed ring of resist corrosion
Wands
 u - a wand of flame (12/48)
Scrolls
 k - 5 scrolls of identify
 q - 4 scrolls of fog {unknown}
 r - 3 scrolls of enchant weapon {unknown}
 w - 2 scrolls of random uselessness {unknown}
 B - a scroll of fear
 D - a scroll of magic mapping {unknown}
 E - a scroll of amnesia {unknown}
 F - 4 scrolls of remove curse
 O - 2 scrolls of recharging {unknown}
 R - a scroll of teleportation {unknown}
Potions
 G - 2 potions of brilliance
 H - a potion of mutation {unknown}
 L - a potion of agility {unknown}
 Q - 2 potions of might {unknown}
 T - a potion of heal wounds {unknown}
 W - a potion of magic {unknown}
Books
 x - a book of Frost

   Spells                             Type                      Level
   a - Freeze                         Ice                          1
   b - Throw Frost                    Conjuration/Ice              2
   c - Ozocubu's Armour               Charms/Ice                   3
   d - Throw Icicle                   Conjuration/Ice              4
   e - Summon Ice Beast               Ice/Summoning                4
Miscellaneous
 I - a plain deck of war {drawn: 1}
 S - a plain deck of summoning {drawn: 1}
Comestibles
 c - 3 bread rations
 l - a meat ration
 v - 3 fruits
 z - a slice of pizza
 N - 2 chunks of flesh


   Skills:
 + Level 1.5 Fighting
 + Level 2.0 Short Blades
 + Level 0.5 Bows
 + Level 2.0 Throwing
 + Level 6.0 Dodging
 + Level 2.6 Stealth
 * Level 4.6 Spellcasting
 + Level 0.7 Conjurations
 - Level 0.4 Charms
 * Level 5.5 Ice Magic
 + Level 0.4 Evocations


You had 7 spell levels left.
You knew the following spells:

 Your Spells              Type           Power        Failure   Level  Hunger
a - Freeze                Ice            ###.         1%          1    None
b - Ozocubu's Armour      Chrm/Ice       ##......     14%         3    ###....
c - Throw Icicle          Conj/Ice       ##......     45%         4    ####...


Dungeon Overview and Level Annotations

Branches:
Dungeon (6/15)
 Temple: D:4-7

Altars:
Cheibriados
Dithmenos
Fedhas
Makhleb
Nemelex Xobeh
Okawaru
Trog


Message History

You finish putting on the +2 cloak of the Other World {+Blink rElec MP+9 Dex-5}.
Evoke which item? (* to show all) (? for menu, Esc to quit)
Okay, then.
You hit the orc but do no damage. The orc misses you.
The giant cockroach zombie bites you.
The giant cockroach zombie barely misses you.
The orc throws a stone.
The stone completely misses you.
The orc priest invokes the aid of Beogh against you.
Beogh smites you!
* * * LOW HITPOINT WARNING * * *
Unknown command.
Unknown command.
You fail to use your ability.
The giant cockroach zombie closely misses you.
The orc throws a stone.
The stone barely misses you.
You fail to use your ability.
The giant cockroach zombie misses you.
The orc priest mumbles some strange prayers to Beogh against you.
Beogh smites you!
You die...
Your body glows slightly and disappears.

..#............ ....####
............... .......#
.......................#
.......................+
...............#[.......#
.........oo.....#.........
..........o............#...
.........oZ.#######........ ....
..........@## ..###.....# .....
...........# ..§##...## .....
...........# ≈......... .....
...........# ...##...##
................(## .###.....#
..................#######........
.................................
.......................#.........
...............................##


You could see an orc priest, an orc wizard, 2 orcs and a giant cockroach zombie.

Vanquished Creatures
  The ghost of graki42 the Firebug, an amateur DEFE (D:3)
  A sky beast (D:5)
  An ogre (D:4)
  A centaur (D:4)
  A centaur skeleton (D:3)
  2 orc priests
  An orc wizard (D:3)
  Ijyb (D:2)
  Terence (D:3)
  A worker ant (D:4)
  6 adders
  3 gnolls (D:4)
  A howler monkey skeleton (D:5)
  A worm (D:3)
  A dart slug (D:1)
  4 giant geckos
  15 orcs
  3 giant cockroaches
  9 goblins
  10 hobgoblins
  3 jackals (D:4)
  A quokka (D:3)
  2 ball pythons
  7 bats
  6 giant newts
  11 kobolds
  14 rats
  A fungus (D:2)
109 creatures vanquished.

Vanquished Creatures (collateral kills)
  A giant frog zombie (D:5)
  2 iguanas (D:5)
  A giant cockroach (D:4)
  A giant newt (D:5)
5 creatures vanquished.

Grand Total: 114 creatures vanquished

Notes
Turn   | Place    | Note
--------------------------------------------------------------
     0 | D:1      | MrBudgens the Merfolk Ice Elementalist began the quest for the Orb.
     0 | D:1      | Reached XP level 1. HP: 13/13 MP: 3/3
   195 | D:1      | Reached XP level 2. HP: 9/19 MP: 3/5
   744 | D:1      | Reached XP level 3. HP: 24/24 MP: 4/6
   760 | D:1      | Learned a level 3 spell: Ozocubu's Armour
   867 | D:1      | Reached skill level 3 in Dodging
  1552 | D:2      | Found a blossoming altar of Fedhas.
  1614 | D:2      | Found a snail-covered altar of Cheibriados.
  1617 | D:2      | Found a blossoming altar of Fedhas.
  1617 | D:2      | Found a shadowy altar of Dithmenos.
  1617 | D:2      | Found an iron altar of Okawaru.
  1697 | D:2      | Noticed Ijyb
  1722 | D:2      | Killed Ijyb
  1722 | D:2      | Reached skill level 1 in Throwing
  1722 | D:2      | Reached XP level 4. HP: 8/30 MP: 1/8
  2386 | D:3      | Reached XP level 5. HP: 22/36 MP: 3/9
  2422 | D:3      | Noticed Terence
  2478 | D:3      | Reached skill level 4 in Dodging
  2623 | D:4      | Reached skill level 1 in Short Blades
  2659 | D:4      | Found a burning altar of Makhleb.
  2897 | D:3      | Noticed graki42's ghost (amateur DEFE)
  2911 | D:3      | Killed graki42's ghost
  2911 | D:3      | Reached XP level 6. HP: 22/42 MP: 2/11
  2978 | D:3      | Found a sparkling altar of Nemelex Xobeh.
  3004 | D:3      | Became a worshipper of Nemelex Xobeh the Trickster
  3082 | D:3      | Received a gift from Nemelex Xobeh
  3556 | D:3      | Reached skill level 1 in Fighting
  3562 | D:3      | Killed Terence
  3568 | D:3      | Reached skill level 5 in Ice Magic
  3849 | D:4      | Reached skill level 5 in Dodging
  3849 | D:4      | Reached XP level 7. HP: 12/48 MP: 10/13
  3941 | D:4      | Received a gift from Nemelex Xobeh
  3951 | D:5      | Entered Level 5 of the Dungeon
  4041 | D:5      | Found a bloodstained altar of Trog.
  4112 | D:4      | Learned a level 4 spell: Throw Icicle
  4331 | D:4      | Reached * piety under Nemelex Xobeh
  4523 | D:5      | Reached skill level 6 in Dodging
  4748 | D:5      | Got a slimy cloak
  4749 | D:5      | Identified the +2 cloak of the Other World {+Blink rElec MP+9 Dex-5} (You found it on level 5 of the Dungeon)
  4764 | D:5      | Killed from afar by an orc priest

Skill      XL: |  1  2  3  4  5  6  7 |
---------------+----------------------+-----
Dodging        | 3 4 5 6 |  6.0
Ice Magic      | 4 5 |  5.5
Throwing       | 1 2 |  2.0
Short Blades   | 1 2 |  2.0
Spellcasting   | 3 4 |  4.6
Fighting       | 1 |  1.5
Bows           | |  0.5
Stealth        | |  2.6
Conjurations   | |  0.7
Charms         | |  0.4
Evocations     | |  0.4

Action                   |  1- 3 |  4- 6 |  7- 9 || total
-------------------------+-------+-------+-------++-------
Melee: Short sword       |   100 |   169 |    61 ||   330
       Dagger            |     4 |       |       ||     4
       Falchion          |       |       |    36 ||    36
 Fire: Shortbow          |       |       |    14 ||    14
Throw: Stone             |    61 |    94 |    22 ||   177
 Cast: Freeze            |    21 |    32 |    16 ||    69
       Ozocubu's Armour  |     1 |     8 |     6 ||    15
Evoke: Deck              |       |     5 |     4 ||     9
  Use: Scroll            |     3 |     2 |     1 ||     6
       Potion            |     1 |     1 |       ||     2
 Stab: Sleeping          |     1 |       |       ||     1
  Eat: Chunk             |     3 |     8 |     4 ||    15
       Fruit             |       |     1 |       ||     1
Armor: Robe              |    21 |    44 |    44 ||   109
Dodge: Dodged            |    72 |   115 |   134 ||   321
